 Dungeon Crawl Stone Soup version 0.22-a0-76-gd698a02 (webtiles) character file.

7374 KristoblXynda the Destroyer (level 10, -6/69 HPs)
             Began as a Pale Draconian Conjurer on Jan 13, 2018.
             Mangled by a two-headed ogre
             ... wielding a +0 giant spiked club
              (29 damage)
             ... on level 10 of the Dungeon.
             The game lasted 00:32:26 (14522 turns).

KristoblXynda the Destroyer (DrCj)                 Turns: 14522, Time: 00:32:27

Health: -6/69      AC: 12    Str: 11    XL:     10   Next: 91%
Magic:  18/31      EV: 12    Int: 18    God:
Gold:   561        SH:  5    Dex: 12    Spells: 15/26 levels left

rFire    . . .     SeeInvis .   y - +3 falchion (holy)
rCold    . . .     Gourm    .   w - +0 buckler
rNeg     . . .     Faith    .   (armour unavailable)
rPois    +         Spirit   .   (helmet restricted)
rElec    .         Reflect  .   z - +1 cloak
rCorr    .         Harm     .   (no gloves)
MR       .....                  v - +2 pair of boots
Stlth    ++........             (no amulet)
HPRegen  0.21/turn              j - ring of poison resistance
MPRegen  0.22/turn              u - ring of magical power

@: studying Necromancy
A: breathe steam, unfitting armour, cold-blooded, AC +7
a: Breathe Steam


You were on level 10 of the Dungeon.
You were not hungry.

You visited 2 branches of the dungeon, and saw 11 of its levels.
You also visited: Sewer.

You collected 561 gold pieces.

Inventory:

Hand Weapons
 y - a +3 falchion of holy wrath (weapon)
Missiles
 k - 2 throwing nets (quivered)
Armour
 v - a +2 pair of boots (worn)
 w - a +0 buckler (worn)
 z - a +1 cloak (worn)
Magical Staves
 o - an uncursed staff of earth
Jewellery
 j - a ring of poison resistance (left hand)
 u - a ring of magical power (right hand)
Wands
 l - a wand of flame (27)
 m - a wand of enslavement (6)
 x - a wand of polymorph (10)
 H - a wand of paralysis (10)
Scrolls
 c - a scroll of immolation
 e - 2 scrolls of fear
 f - 6 scrolls of remove curse
 g - 3 scrolls of fog
 q - a scroll of teleportation
 C - a scroll of enchant weapon
 F - a scroll of blinking
 I - 2 scrolls of enchant armour
Potions
 d - 2 potions of brilliance
 h - 3 potions of curing
 i - 2 potions of heal wounds
 p - 3 potions of haste
 r - 2 potions of mutation
 s - a potion of agility
 t - a potion of flight {unknown}
 A - a potion of invisibility
 D - 3 potions of magic
Books
 a - a book of Conjurations

   Spells                             Type                      Level
   a - Magic Dart                     Conjuration                  1
   b - Searing Ray                    Conjuration                  2
   c - Dazzling Spray                 Conjuration/Hexes            3
   d - Fulminant Prism                Conjuration/Hexes            4
   e - Force Lance                    Conjuration/Translocation    4
   f - Iskenderun's Mystic Blast      Conjuration                  4
 n - a book of Maledictions

   Spells                             Type                      Level
   a - Corona                         Hexes                        1
   b - Ensorcelled Hibernation        Hexes/Ice                    2
   c - Confuse                        Hexes                        3
   d - Tukima's Dance                 Hexes                        3
   e - Dazzling Spray                 Conjuration/Hexes            3
 B - a book of Air

   Spells                             Type                      Level
   a - Shock                          Conjuration/Air              1
   b - Swiftness                      Charms/Air                   2
   c - Static Discharge               Conjuration/Air              3
   d - Airstrike                      Air                          4
   e - Lightning Bolt                 Conjuration/Air              5
 E - a book of Cantrips

   Spells                             Type                      Level
   a - Confusing Touch                Hexes                        1
   b - Animate Skeleton               Necromancy                   1
   c - Summon Small Mammal            Summoning                    1
   d - Apportation                    Translocation                1
 J - a manual of Necromancy
Miscellaneous
 L - a lamp of fire
Comestibles
 b - 10 rations


   Skills:
 - Level 5.3 Long Blades
 - Level 1.7 Dodging
 - Level 1.7 Stealth
 - Level 4.1 Shields
 + Level 8.8 Spellcasting
 + Level 10.2 Conjurations
 + Level 4.2 Hexes
 + Level 5.2 Necromancy
 - Level 5.0 Evocations


You had 15 spell levels left.
You knew the following spells:

 Your Spells              Type           Power        Failure   Level  Hunger
a - Magic Dart            Conj           ####         1%          1    None
b - Dazzling Spray        Conj/Hex       ####..       1%          3    None
c - Iskenderun's Mystic   Conj           #####...     1%          4    ###....
d - Tukima's Dance        Hex            ###.....     4%          3    None


Dungeon Overview and Level Annotations

Branches:
Dungeon (10/15)            Temple (1/1) D:6            Lair (0/6) D:9
    Orc: D:9-12

Altars:
Ashenzari
Cheibriados
Dithmenos
Elyvilon
Fedhas
Gozag
Hepliaklqana
Kikubaaqudgha
Makhleb
Nemelex Xobeh
Okawaru
Qazlal
Ru
Sif Muna
Trog
Uskayaw
Wu Jian
Xom
Yredelemnul
Zin
The Shining One

Annotations:
D:6 KristoblXynda's ghost, novice FoGl
D:7 Cenon's ghost, novice HuTm


Innate Abilities, Weirdness & Mutations

You can breathe blasts of scalding, opaque steam.
Your pale cyan-grey scales are hard. (AC +7)
You cannot fit into any form of body armour.
You are cold-blooded and may be slowed by cold attacks.


Message History

Aiming: Tukima's Dance
Press: ? - help, Shift-Dir - straight line, f/p - two-headed ogre
Aim: a two-headed ogre, wielding a giant spiked club (lightly wounded, chance to defeat MR: 45%)
The two-headed ogre resists with some effort.
The two-headed ogre hits you with a giant spiked club!
The two-headed ogre hits you with a giant spiked club!!
Casting: Tukima's Dance
Confirm with . or Enter, or press ? or * to list all spells.
Aiming: Tukima's Dance
Press: ? - help, Shift-Dir - straight line, f/p - two-headed ogre
Aim: a two-headed ogre, wielding a giant spiked club (lightly wounded, chance to defeat MR: 45%)
The two-headed ogre resists with some effort.
Casting: Tukima's Dance
Confirm with . or Enter, or press ? or * to list all spells.
Aiming: Tukima's Dance
Press: ? - help, Shift-Dir - straight line, f/p - two-headed ogre
Aim: a two-headed ogre, wielding a giant spiked club (lightly wounded, chance to defeat MR: 45%)
The two-headed ogre resists with some effort.
The two-headed ogre hits you with a giant spiked club!!
You die...

........#.....#..#..
........#.....####...
....##'##...........# ###
....#...............#....
....#...............#...
###.######†.........'..
..#......#..........#
..#....###..........#####
..#....#........@O.......
#'#....#.#########)###...
.......#.# .. ...
.......#.# ... ...'.
.......#.#.... ...#...
####### .......###....
...# .. #......
................. ...#
###......
#####..[..............
........ ....#.........
..##########......


You could see a two-headed ogre.

Vanquished Creatures
  A troll (D:9)
  Grinder (D:5)
  A hippogriff (D:10)
  A wyvern (D:8)
  3 hogs (D:8)
  A human (D:8)
  A yak (D:8)
  A water moccasin (D:7)
  2 porcupines (D:9)
  4 sky beasts
  The ghost of Pawles22 the Ducker, an amateur DDMo (D:4)
  An ice beast (D:7)
  6 ogres
  2 phantoms
  5 black bears
  An orc warrior (D:8)
  2 wolves (D:9)
  2 centaurs
  5 crocodiles
  3 big kobolds (D:9)
  2 bullfrogs
  4 scorpions
  A water moccasin skeleton (D:6)
  5 killer bees (D:9)
  7 howler monkeys
  5 crimson imps
  3 bullfrog zombies
  4 jellies
  4 hounds
  2 orc priests
  Crazy Yiuf (D:5)
  6 orc wizards
  Jessica (D:3)
  Terence (D:3)
  3 iguanas
  Natasha (D:3)
  8 worker ants
  2 hound skeletons
  A hound zombie (D:6)
  2 worker ant zombies
  5 gnolls (D:8)
  A river rat (D:4)
  12 adders
  A shadow imp (D:10)
  An ooze (D:4)
  An adder skeleton (D:4)
  An adder zombie (D:5)
  6 worms
  3 dart slugs
  4 leopard geckos
  43 orcs
  8 ball pythons
  3 bats
  6 giant cockroaches
  15 goblins
  20 hobgoblins
  18 jackals
  38 kobolds
  4 quokkas
  7 frilled lizards
  A jackal skeleton (D:3)
  2 leopard gecko skeletons
  A quokka zombie (D:7)
  10 rats
  2 plants
320 creatures vanquished.

Vanquished Creatures (collateral kills)
  A two-headed ogre (D:9)
  An ogre (D:10)
2 creatures vanquished.

Vanquished Creatures (others)
  A dancing weapon (D:10)
  An orc wizard (D:8)
  2 fungi (D:9)
  4 plants
8 creatures vanquished.

Grand Total: 330 creatures vanquished

Notes
Turn   | Place    | Note
-------+----------+-------------------------------------------
     0 | D:1      | KristoblXynda the Draconian Conjurer began the quest for the Orb.
     0 | D:1      | Reached XP level 1. HP: 14/14 MP: 3/3
   500 | D:1      | Reached XP level 2. HP: 14/20 MP: 1/5
  1416 | D:1      | Reached XP level 3. HP: 26/26 MP: 1/7
  1906 | D:2      | Learned a level 3 spell: Dazzling Spray
  2024 | D:2      | Reached XP level 4. HP: 30/33 MP: 0/8
  2413 | D:2      | Reached skill level 5 in Conjurations
  2751 | D:3      | Found a stormy altar of Qazlal.
  2915 | D:3      | Noticed Terence
  2956 | D:3      | Killed Terence
  2956 | D:3      | Reached XP level 5. HP: 4/38 MP: 0/10
  3364 | D:3      | Noticed Jessica
  3370 | D:3      | Killed Jessica
  3744 | D:3      | Noticed Natasha
  3750 | D:3      | Killed Natasha
  3901 | D:3      | Found a hazy altar of Hepliaklqana.
  3906 | D:3      | Found a shimmering altar of Xom.
  3906 | D:3      | Noticed a wyvern
  3907 | D:3      | Noticed a wyvern
  3907 | D:3      | Noticed a spectral ugly thing
  4091 | D:4      | Noticed Pawles22's ghost (amateur DDMo)
  4130 | D:4      | Killed Pawles22's ghost
  4130 | D:4      | Reached skill level 1 in Shields
  4130 | D:4      | Reached skill level 6 in Conjurations
  4130 | D:4      | Reached XP level 6. HP: 24/45 MP: 2/12
  4276 | D:4      | Found a glowing drain.
  4282 | Sewer    | Entered a sewer
  5488 | D:4      | Your scales start taking on a pale cyan-grey colour.
  5488 | D:4      | Reached XP level 7. HP: 50/50 MP: 14/14
  6305 | D:5      | Entered Level 5 of the Dungeon
  6332 | D:5      | Reached skill level 5 in Spellcasting
  6419 | D:5      | Learned a level 4 spell: Iskenderun's Mystic Blast
  6500 | D:5      | Learned a level 3 spell: Tukima's Dance
  6514 | D:5      | Noticed Grinder
  6794 | D:5      | Reached skill level 7 in Conjurations
  6922 | D:5      | Paralysed by Grinder for 5 turns
  6930 | D:5      | Paralysed by Grinder for 7 turns
  6940 | D:5      | Killed Grinder
  6940 | D:5      | Reached XP level 8. HP: 48/57 MP: 16/16
  7183 | D:5      | Found a runed door.
  7222 | D:5      | Noticed Crazy Yiuf
  7225 | D:5      | Killed Crazy Yiuf
  7275 | D:5      | Reached skill level 1 in Evocations
  7673 | D:6      | Reached skill level 1 in Long Blades
  8217 | D:6      | Found a staircase to the Ecumenical Temple.
  8260 | Temple   | Entered the Ecumenical Temple
  8359 | D:6      | Noticed KristoblXynda's ghost (novice FoGl)
  8590 | D:6      | Found a bloodstained altar of Trog.
  8637 | D:6      | Reached skill level 8 in Conjurations
  9109 | D:7      | Reached XP level 9. HP: 57/62 MP: 19/19
  9528 | D:7      | Found a deep blue altar of Sif Muna.
  9532 | D:7      | Found a snail-covered altar of Cheibriados.
  9532 | D:7      | Found a bloodstained altar of Trog.
  9532 | D:7      | Found an opulent altar of Gozag.
  9534 | D:7      | Found a glowing golden altar of the Shining One.
  9537 | D:7      | Found a basalt altar of Yredelemnul.
  9561 | D:7      | Noticed Cenon's ghost (novice HuTm)
 11025 | D:8      | Reached skill level 9 in Conjurations
 11025 | D:8      | Reached skill level 5 in Evocations
 11725 | D:8      | Reached skill level 1 in Hexes
 11726 | D:8      | Reached XP level 10. HP: 26/69 MP: 21/21
 11729 | D:8      | Reached skill level 5 in Long Blades
 12731 | D:9      | Reached skill level 1 in Necromancy
 13080 | D:9      | Found a staircase to the Lair.
 13438 | D:9      | Found a hide-covered altar of Uskayaw.
 13531 | D:9      | Noticed a two-headed ogre
 13544 | D:9      | Killed a two-headed ogre
 13544 | D:9      | Reached skill level 10 in Conjurations
 13590 | D:9      | Found an ancient bone altar of Kikubaaqudgha.
 13591 | D:9      | Found a blossoming altar of Fedhas.
 13677 | D:10     | Entered Level 10 of the Dungeon
 13990 | D:10     | Found an opulent altar of Gozag.
 14148 | D:10     | Reached skill level 5 in Necromancy
 14511 | D:10     | Noticed a two-headed ogre
 14522 | D:10     | Mangled by a two-headed ogre

Vault maps used:
D:1:      roderic_chinese_lattice_arrival
D:3:      regret_index_temple_of_mockery, nicolae_qazlal_general_emergency,
          uniq_terence, uniq_jessica, uniq_natasha
D:4:      gup_sewer_entry_bowl, first_ration
D:5:      uniq_crazy_yiuf_cottage, uniq_grinder
D:6:      temple_pool_b, trog_book
D:7:      minitemple
D:8:      corexii_shantytown, grunt_livestock
D:9:      grunt_temple_overflow_growth_and_decay,
          nicolae_overflow_hidden_temple, minmay_lair_entry_grove
D:10:     basic_altar
Temple:   jpeg_temple_island
Sewer:    sewer_co_scattered_pipes

Skill      XL: |  1  2  3  4  5  6  7  8  9 10 |
---------------+-------------------------------+-----
Spellcasting   | 3 4 5 6 7 8 |  8.8
Conjurations   | 5 6 7 8 9 10 | 10.2
Shields        | 1 2 4 |  4.1
Evocations     | 3 5 |  5.0
Long Blades    | 2 4 5 |  5.3
Hexes          | 1 4 |  4.2
Necromancy     | 5 |  5.2
Dodging        | |  1.7
Stealth        | |  1.7

Action                   |  1- 3 |  4- 6 |  7- 9 | 10-12 || total
-------------------------+-------+-------+-------+-------++-------
Melee: Dagger            |    31 |    15 |       |       ||    46
       Tailslap          |     1 |    27 |    38 |    27 ||    93
       Falchion          |       |   207 |   270 |   202 ||   679
 Cast: Magic Dart        |    71 |   168 |   218 |    57 ||   514
       Dazzling Spray    |       |     3 |     1 |     3 ||     7
       Iskenderun's Myst |       |       |       |    11 ||    11
       Tukima's Dance    |       |       |       |    10 ||    10
 Abil: Breathe Steam     |       |       |    20 |    10 ||    30
Evoke: Wand              |       |       |     2 |       ||     2
  Use: Scroll            |       |    11 |     6 |     5 ||    22
       Potion            |       |     4 |     2 |     3 ||     9
 Stab: Sleeping          |       |       |     1 |       ||     1
  Eat: Chunk             |     4 |     6 |    14 |     9 ||    33
       Ration            |       |     2 |     2 |     1 ||     5
Armor: Skin              |    11 |    60 |   124 |    99 ||   294
Dodge: Dodged            |    18 |    92 |   189 |   154 ||   453
Block: Buckler           |       |    15 |    78 |    57 ||   150
       Rpst.: Falchion   |       |    19 |    56 |    41 ||   116

Table legend:
 A = Spawn XP
 B = Non-spawn XP
 C = Spawn XP percentage of total XP
 D = Spawn monster count
 E = Non-spawn monster count
 F = Spawn count percentage of total count
 G = Total turns spent on level
                    A         B        C        D         E        F      G
               +---------+---------+-------+---------+---------+-------+---------
         Total |       0 |   10535 |   0.0 |       0 |     320 |   0.0 | 14522
               +---------+---------+-------+---------+---------+-------+---------
           D:1 |       0 |      44 |   0.0 |       0 |      24 |   0.0 |  1596
           D:2 |       0 |      84 |   0.0 |       0 |      20 |   0.0 |  1106
           D:3 |       0 |     214 |   0.0 |       0 |      32 |   0.0 |  1343
           D:4 |       0 |     409 |   0.0 |       0 |      25 |   0.0 |  1512
           D:5 |       0 |    1145 |   0.0 |       0 |      24 |   0.0 |  1340
           D:6 |       0 |     818 |   0.0 |       0 |      19 |   0.0 |  1332
           D:7 |       0 |    1164 |   0.0 |       0 |      31 |   0.0 |  1303
           D:8 |       0 |    2036 |   0.0 |       0 |      59 |   0.0 |  1839
           D:9 |       0 |    3509 |   0.0 |       0 |      53 |   0.0 |  1476
          D:10 |       0 |    1071 |   0.0 |       0 |      13 |   0.0 |   845
         Sewer |       0 |      41 |   0.0 |       0 |      20 |   0.0 |   748
               +---------+---------+-------+---------+---------+-------+---------
